 Dungeon Crawl Stone Soup version 0.29.1-4-g47bece8355 (webtiles) character file.

Game seed: 4726269808963175883

207 GigaChad the Trooper (level 5, -2/47 (48) HPs)
             Began as a Minotaur Fighter on Dec 6, 2022.
             Slain by a kobold
             ... wielding a +2 dagger of distortion
              (4 damage)
             ... on level 3 of the Dungeon.
             The game lasted 00:05:36 (4223 turns).

GigaChad the Trooper (Minotaur Fighter)             Turns: 4223, Time: 00:05:38

HP:   -2/47 (48)    AC:  7    Str: 23    XL:     5   Next: 54%
MP:   4/4           EV:  9    Int:  5    God:
Gold: 119           SH:  4    Dex:  9    Spells: 4/4 levels left

rFire   . . .      SeeInvis .   a - +0 war axe
rCold   . . .      Faith    .   c - +0 buckler
rNeg    . . .      Spirit   .   b - +0 scale mail
rPois   .          Reflect  .   (helmet restricted)
rElec   .          Harm     .   (no cloak)
rCorr   .          Rampage  .   (no gloves)
Will    .....                   (no boots)
Stlth   ..........              (no amulet)
HPRegen 0.15/turn               (no ring)
MPRegen 0.09/turn               (no ring)

@: lightly drained
A: horns 2, retaliatory headbutt
a: no special abilities


You were on level 3 of the Dungeon.
You visited 1 branch of the dungeon, and saw 3 of its levels.

You collected 119 gold pieces.

Inventory:

Hand Weapons
 a - a +0 war axe (weapon)
Armour
 b - a +0 scale mail (worn)
 c - a +0 buckler (worn)
Scrolls
 e - a scroll of noise {unknown}
 i - a scroll of enchant armour {unknown}
 j - a scroll of enchant weapon {unknown}
 k - 2 scrolls of poison {unknown}
 l - a scroll of immolation {unknown}
 m - a scroll of butterflies {unknown}
 n - 2 scrolls of blinking {unknown}
 o - 3 scrolls of teleportation {unknown}
 p - 2 scrolls of identify {unknown}
 s - a scroll of vulnerability {unknown}
Potions
 d - 2 potions of might
 f - 2 potions of resistance {unknown}
 g - 2 potions of berserk rage {unknown}
 h - 3 potions of brilliance {unknown}
 q - a potion of curing {unknown}
 r - a potion of heal wounds {unknown}


   Skills:
 + Level 5.0 Fighting
 + Level 4.4 Axes
 + Level 4.8 Armour
 + Level 0.5 Dodging
 + Level 4.3 Shields


You had 4 spell levels left.
You didn't know any spells.
Your spell library contained the following spells:

 Spells                   Type           Power      Damage    Failure   Level
 Apportation              Tloc           0%         N/A       86%         1
 Necrotise                Necr           0%         1d4       86%         1
 Summon Small Mammal      Summ           0%         N/A       86%         1
 Ensorcelled Hibernation  Hex/Ice        0%         N/A       95%         2
 Passwall                 Tmut/Erth      0%         N/A       95%         2
 Gell's Gravitas          Tloc           0%         N/A       99%         3
 Lesser Beckoning         Tloc           0%         N/A       99%         3
 Swiftness                Air            0%         N/A       99%         3
 Teleport Other           Tloc           0%         N/A       99%         3


Dungeon Overview and Level Annotations

Branches:
Dungeon (3/15)

Altars:
Sif Muna

Shops:
D:3 :


Innate Abilities, Weirdness & Mutations

You have a pair of horns on your head.
You reflexively headbutt those who attack you in melee.


Message History

You block the gnoll's attack. The hobgoblin barely misses you.
You furiously retaliate!
You headbutt the hobgoblin!
You kill the hobgoblin!
The gnoll hits you with a +0 spear.
The kobold hits you with a +2 dagger of draining.
You feel drained.
The hobgoblin hits you but does no damage.
There is an open door here.
Items here: ( )) †.
You hit the gnoll.
The gnoll is heavily wounded.
You hit the hobgoblin but do no damage. You barely miss the kobold.
The gnoll hits you with a +0 spear. You block the kobold's attack.
The hobgoblin barely misses you.
You hit the gnoll but do no damage.
The gnoll is heavily wounded.
You slash the hobgoblin!
You kill the hobgoblin!
You hit the kobold.
You kill the kobold!
The gnoll hits you but does no damage.
You hit the gnoll. Your headbutt misses the gnoll.
The gnoll is heavily wounded.
You barely miss the kobold. You barely miss the gnoll.
The gnoll hits you with a +0 spear. The gnoll hits you with a +0 flail!
The kobold hits you but does no damage. Space warps around you.
The gnoll hits you but does no damage. x2; The kobold closely misses you.
You hit the gnoll but do no damage.
The gnoll is heavily wounded.
You closely miss the kobold. You completely miss the gnoll.
You block the gnoll's attack. The gnoll hits you with a +0 flail!
* * * LOW HITPOINT WARNING * * *
The kobold barely misses you.
You slash the gnoll!
You kill the gnoll!
You completely miss the kobold. You slash the gnoll!
The kobold hits you with a +2 dagger of distortion.
* * * LOW HITPOINT WARNING * * *
Space warps around you.
You die...

≈≈≈≈≈≈≈≈≈#####≈≈≈≈≈≈≈≈≈≈≈≈≈≈
≈≈≈≈≈≈≈≈≈#...###############
≈≈≈≈≈≈≈≈#...#.............)
≈≈≈≈≈≈≈#...#.))..)......).
#)##.))..)........
#..)...########... #..)...#
#... #.....[########...
#@##...........[..
#g)K#..............
#$$$#......[.......
#$$$############### #####


You could see a gnoll and a kobold.

Vanquished Creatures
  Robin (D:2)
  5 gnolls (D:3)
  An adder (D:3)
  2 worms (D:2)
  6 ball pythons
  5 bats
  5 endoplasms
  A giant cockroach (D:1)
  43 goblins
  26 hobgoblins
  5 jackals (D:1)
  5 kobolds
  2 quokkas
  5 frilled lizards
  9 rats
121 creatures vanquished.

Notes
Turn   | Place    | Note
-------+----------+-------------------------------------------
     0 | D:1      | GigaChad the Minotaur Fighter began the quest for the Orb.
     0 | D:1      | Reached XP level 1. HP: 19/19 MP: 0/0
   406 | D:1      | Reached XP level 2. HP: 25/27 MP: 1/1
   574 | D:1      | Reached skill level 4 in Fighting
   970 | D:1      | Reached XP level 3. HP: 33/33 MP: 2/2
  1325 | D:2      | Identified the +3 ring mail of Compression {rElec rPois
                  | rC++ Dex-3}
  1463 | D:2      | Found a shimmering blue altar of Sif Muna.
  1713 | D:2      | Noticed Robin
  1735 | D:2      | Killed Robin
  1736 | D:2      | Reached XP level 4. HP: 21/41 MP: 3/3
  2562 | D:3      | Found Rodih's Book Shop.
  3593 | D:3      | Reached XP level 5. HP: 38/47 MP: 4/4
  4217 | D:3      | Reached skill level 5 in Fighting
  4223 | D:3      | HP: 2/47 [kobold/+2 dagger of distortion (4)]
  4223 | D:3      | Slain by a kobold

Illustrated notes

Levels and vault maps discovered:
D:1:      dpeg_arrival_rooms_a, layout_basic
D:2:      layout_loops_corners, basic_altar, uniq_robin
D:3:      minmay_goblin_kobold_castle, layout_loops_cross, serial_shops, shop

Skill      XL: |  1  2  3  4  5 |
---------------+----------------+-----
Armour         | 4 |  4.8
Shields        | 4 |  4.3
Fighting       | 4 5 |  5.0
Axes           | 3 4 |  4.4
Dodging        | |  0.5

Action                   |  1- 3 |  4- 6 || total
-------------------------+-------+-------++-------
Melee: War axe           |    96 |    97 ||   193
       Headbutt          |    10 |     9 ||    19
Armor: Scale mail        |    56 |    73 ||   129
Dodge: Dodged            |    47 |    70 ||   117
Block: Buckler           |    20 |    27 ||    47
